 Dungeon Crawl Stone Soup version 0.22.1-2-g9c5b331 (webtiles) character file.

95 Tiagovsky the Skirmisher (level 4, -2/41 HPs)
             Began as a Hill Orc Fighter on Dec 30, 2018.
             Was an Initiate of Beogh.
             Killed from afar by Ijyb (19 damage)
             ... with a wand of acid (5)
             ... on level 3 of the Dungeon.
             The game lasted 00:12:21 (1878 turns).

Tiagovsky the Skirmisher (Hill Orc Fighter)         Turns: 1878, Time: 00:12:23

Health: -2/41      AC:  7    Str: 24    XL:     4   Next: 66%
Magic:  4/4        EV:  7    Int:  8    God:    Beogh [......]
Gold:   124        SH:  9    Dex: 10    Spells: 3/3 levels left

rFire    . . .     SeeInvis .   a - +0 war axe
rCold    + . .     Gourm    .   c - +0 shield
rNeg     . . .     Faith    .   b - +0 scale mail
rPois    .         Spirit   .   (no helmet)
rElec    .         Reflect  .   (no cloak)
rCorr    .         Harm     .   (no gloves)
MR       .....     Rnd*Tele +   (no boots)
Stlth    ..........             e - amulet of rage
HPRegen  0.13/turn              i - ring of protection from cold
MPRegen  0.09/turn              t - ring of teleportation (curse)

@: mighty
A: no striking features
a: Renounce Religion, Evoke Berserk Rage


You were on level 3 of the Dungeon.
You worshipped Beogh.
Beogh was noncommittal.
You were very hungry.

You visited 1 branch of the dungeon, and saw 3 of its levels.

You collected 124 gold pieces.

Inventory:

Hand Weapons
 a - a +0 war axe (weapon)
 n - a +0 hunting sling
Missiles
 h - 37 stones (quivered)
Armour
 b - a +0 scale mail (worn)
 c - a +0 shield (worn)
 k - a +1 leather armour of fire resistance
Jewellery
 e - an amulet of rage (around neck)
 i - a ring of protection from cold (left hand)
 l - a cursed -3 ring of protection {unknown}
 t - a cursed ring of teleportation (right hand)
Scrolls
 g - a scroll of identify
 r - 2 scrolls of immolation
Potions
 j - 2 potions of haste {unknown}
 m - a potion of magic {unknown}
 o - a potion of brilliance {unknown}
 q - a potion of agility {unknown}
Comestibles
 f - 2 rations
 p - 4 chunks of flesh


   Skills:
 + Level 4.4 Fighting
 + Level 3.9 Axes
 + Level 4.0 Armour
 + Level 4.0 Shields


You had 3 spell levels left.
You didn't know any spells.
Your spell library was empty.

Dungeon Overview and Level Annotations

Branches:
Dungeon (3/15)

Altars:
Kikubaaqudgha
Okawaru
Qazlal
Uskayaw

Annotations:
D:3 Ijyb


Message History

q - a ruby potion You see here a hunting sling.
You now have 124 gold pieces (gained 17).
Things that are here:
a leather armour; an orc corpse It would be a sin to butcher the orc corpse!
An orc comes into view. It is wielding a hand axe.
The orc shouts!
You hear a shout!
Found a scroll of identify.
Ijyb the Twisted Goblin comes into view.
She is wielding a club.
You slash the orc!
You kill the orc!
Beogh accepts your kill.
You hit Ijyb.
Ijyb is lightly wounded.
Ijyb zaps a wand.
The bolt of acid hits you!
You are splashed with acid!
The acid burns!
It is a wand of acid (5).
You feel very mighty all of a sudden.
Ijyb zaps a wand.
The bolt of acid hits you!
You die...

....≈≈..........§≈..#.#
................§.....#
........≈≈≈≈≈≈.§......#
§......≈≈####≈§§......#
#≈§...§≈## ##§§......#
§8§....≈# #§§....≈.#
.≈.....§# #§....≈8.#
.......§# ##≈.....≈.#
.......≈§ #§≈)@.....#
≈≈§≈≈..g.....#
..........o.##
.......≈§..##
......?≈..##
.o.......## .≈......##
§8≈....##


You could see Ijyb, a neutral orc priest (wandering) and a neutral orc
(wandering).

Vanquished Creatures
  Jessica (D:2)
  3 adders (D:2)
  2 worms (D:2)
  2 dart slugs (D:1)
  A leopard gecko (D:2)
  An orc (D:3)
  3 hobgoblins
  3 jackals (D:1)
  2 bats
  2 frilled lizards (D:1)
  6 goblins
  3 kobolds
  6 rats
35 creatures vanquished.

Vanquished Creatures (others)
  2 orcs (D:3)
  A giant cockroach (D:3)
  A rat (D:3)
4 creatures vanquished.

Grand Total: 39 creatures vanquished

Notes
Turn   | Place    | Note
-------+----------+-------------------------------------------
     0 | D:1      | Tiagovsky the Hill Orc Fighter began the quest for the Orb.
     0 | D:1      | Reached XP level 1. HP: 19/19 MP: 1/1
   240 | D:1      | Reached XP level 2. HP: 27/27 MP: 2/2
   968 | D:2      | Reached XP level 3. HP: 33/33 MP: 3/3
  1117 | D:2      | Noticed Jessica
  1122 | D:2      | Found a hide-covered altar of Uskayaw.
  1125 | D:2      | Killed Jessica
  1125 | D:2      | Reached XP level 4. HP: 31/41 MP: 4/4
  1132 | D:2      | Found an iron altar of Okawaru.
  1278 | D:2      | Found a faded altar of an unknown god.
  1493 | D:2      | Found a stormy altar of Qazlal.
  1494 | D:2      | Found an ancient bone altar of Kikubaaqudgha.
  1788 | D:3      | Became a worshipper of Beogh the Brigand
  1873 | D:3      | Noticed Ijyb
  1878 | D:3      | Killed from afar by Ijyb

Skill      XL: |  1  2  3  4 |
---------------+-------------+-----
Axes           | 3 |  3.9
Fighting       | 4 |  4.4
Armour         | 4 |  4.0
Shields        | 4 |  4.0

Action                   |  1- 3 |  4- 6 || total
-------------------------+-------+-------++-------
Melee: War axe           |    74 |    29 ||   103
Throw: Stone             |    58 |    10 ||    68
Invok: Convert to Beogh  |       |     1 ||     1
  Use: Scroll            |       |     5 ||     5
       Potion            |       |     1 ||     1
  Eat: Chunk             |     1 |     1 ||     2
Armor: Scale mail        |    49 |     8 ||    57
Dodge: Dodged            |    24 |     9 ||    33
Block: Shield            |    43 |    17 ||    60
